[Event "FRA-ch Youth 2017"]
[Site "Belfort"]
[Date "2017.04.20"]
[Round "6"]
[White "Leriche, Ines"]
[Black "Benezra, Esther"]
[Result "1-0"]
[ECO "A90"]
[WhiteElo "2037"]
[BlackElo "1761"]
[Annotator "NA"]
[PlyCount "99"]
[EventDate "2017.??.??"]
[EventCountry "FRA"]
[SourceTitle "playchess.com"]
[Source "ChessBase"]
[SourceQuality "1"]
[TimeControl "5400+30"]

1. d4 e6 2. c4 f5 3. g3 Nf6 4. Bg2 c6 5. Nf3 d5 6. O-O Bd6 7. Nbd2 O-O 8. b3 b6 9. Bb2 Qe7 10. Rc1 Bb7 11. Ne5 {[%emt 0:01:48] LiveBook: 150 Games} a5 12. Nb1 {[%emt 0:10:43] A90: Dutch Defence: Miscellaneous and Modern Stonewall (with ...Bd6)} (12. e3 Na6 13. Nb1 Bxe5 14. dxe5 Ne4 15. Qe2 a4 16. Nc3 axb3 17. axb3 Qb4 18. Nxe4 dxe4 19. Qc2 Nc5 20. Bc3 Qxb3 21. Qxb3 Nxb3 {0-1 (52) Caruana,F (2802)-Carlsen,M (2863) Shamkir 2015}) 12... a4 $146 (12... Ne4 13. f3 Nf6 14. Nc3 Nbd7 15. Nxd7 Nxd7 16. e4 dxc4 17. bxc4 e5 18. exf5 exd4 19. Re1 Ne5 {0-1 (69) Gordon,S (2556)-Djurhuus,R (2436) Oslo 2012}) 13. bxa4 Nbd7 14. cxd5 exd5 15. Nxc6 Qe6 16. a3 ({White should try} 16. Ne5 $16) 16... Bxg3 17. hxg3 Bxc6 18. Nc3 Ng4 19. e3 $2 (19. Qd2 $11 {and White stays safe.}) 19... Qh6 20. Re1 Ndf6 21. Nb5 Bxb5 22. axb5 Ne4 23. Re2 Nexf2 24. Bxd5+ Kh8 25. Rxf2 Nxf2 26. Kxf2 Rae8 27. Qf3 f4 28. gxf4 g5 (28... Qh2+ $142 29. Qg2 Qh4+ 30. Ke2 Rxf4) 29. Rh1 Qg6 30. Bb3 h6 31. Qh5 Qxh5 32. Rxh5 gxf4 33. exf4 Rxf4+ 34. Kg3 Ree4 (34... Rf6 $142 35. Re5 (35. d5 Re3+ 36. Kh4 Re4+ 37. Kh3 Re3+ 38. Kh4 Re4+ 39. Kh3 Re3+ 40. Kg4 Re4+ 41. Kh3 $11) 35... Ref8) 35. d5+ Kg8 36. d6+ Kf8 37. Rxh6 Ke8 38. Bc1 Rf1 39. Bd2 Rd4 40. Kg2 Rf5 41. Bc1 $16 (41. Be3 $18 {and the rest is easy.} Re4 42. Bc2 Rg4+ 43. Kh3) 41... Rg4+ 42. Kh2 Rf2+ 43. Kh3 Rfg2 44. Rh8+ Kd7 45. Bd5 R2g3+ 46. Kh2 Rg1 $2 (46... Kxd6 47. Bf4+ Kxd5) 47. Be3 R1g3 48. Bc6+ Ke6 49. Rh6+ Kf7 50. Bxb6 1-0

[Event "FRA-ch Youth 2017"]
[Site "Belfort"]
[Date "2017.04.20"]
[Round "6"]
[White "Popov, Konstantin"]
[Black "Razafindratsima, Timothe"]
[Result "1/2-1/2"]
[ECO "B91"]
[WhiteElo "2026"]
[BlackElo "1830"]
[Annotator "NA"]
[PlyCount "138"]
[EventDate "2017.??.??"]
[EventCountry "FRA"]
[SourceTitle "playchess.com"]
[Source "ChessBase"]
[SourceQuality "1"]
[TimeControl "5400+30"]

1. e4 c5 2. Nf3 d6 3. d4 cxd4 4. Nxd4 Nf6 5. Nc3 a6 6. g3 e5 7. Nde2 Be6 8. Bg2 Be7 9. a4 Nbd7 10. O-O O-O 11. h3 Rc8 {[%emt 0:03:05] B91: Sicilian Najdorf: 6 g3} (11... b5 12. axb5 axb5 13. Rxa8 Qxa8 14. Nxb5 Nxe4 15. Nc7 Qa4 16. b3 Qc6 17. Nxe6 fxe6 18. c4 Ndf6 19. Qc2 {½-½ (33) Antoniewski,R (2532)-Dziuba,M (2566) Poland 2016}) 12. Be3 Nb6 13. b3 Qc7 (13... d5 $11 14. Bxb6 Qxb6) 14. a5 Nbd7 $146 (14... Na8 15. f4 exf4 16. gxf4 Rfe8 17. Bd4 {1-0 (37) Alexander,C-Bogoljubow,E Birmingham 1951}) 15. Qd2 Rfd8 16. g4 h6 17. Rfc1 Qc6 18. Nd5 Bxd5 19. exd5 Qc7 20. c4 Re8 21. Ng3 Nh7 22. Nf5 (22. b4 $18) 22... Bg5 (22... Bf8 $16 23. b4 Qb8) 23. Bxg5 Nxg5 24. h4 Nh7 {[%emt 0:00:56] [#]} 25. c5 $1 dxc5 26. d6 Qd8 27. Ne7+ $2 (27. Bxb7 $18 {and the rest is easy.} Rb8 28. Bxa6) 27... Rxe7 28. dxe7 Qxe7 29. Bxb7 Rc7 30. Bxa6 Qxh4 {[%emt 0:00:55] [#]} 31. Bf1 (31. Ra4 $1 $16) 31... Qxg4+ 32. Bg2 Ng5 33. Rc3 Ne6 34. Rg3 Qd4 35. Qe1 Nf4 36. Bf1 ({White should try} 36. Rd1 $16 Qb4 37. Bf1) 36... Ra7 37. a6 h5 $2 (37... Nh5 $11 {and Black is okay.}) 38. Rd1 Qb2 39. Rd2 Qa3 {[%emt 0:00:06] [#]} 40. Rxd7 $1 Rxd7 41. Qxe5 Ne6 42. Qxh5 Qa1 43. Qe2 Kf8 44. Rg4 Nd4 45. Qc4 Nf3+ 46. Kg2 Ne1+ 47. Kg3 Qe5+ 48. Qf4 Qc3+ 49. Qe3 Qxe3+ 50. fxe3 Nc2 51. Bb5 Ra7 52. Re4 g6 53. Re8+ Kg7 54. Rb8 Nxe3 55. Rb7 Ra8 56. Bd3 Kf6 57. a7 Nf5+ 58. Kf2 Nd6 59. Rc7 Ke5 60. Ke3 Nf5+ 61. Kd2 Kd6 $16 62. Rxf7 Ne7 63. Rf6+ Kc7 64. Ra6 Nc8 65. Be4 Rxa7 66. Rc6+ Kd7 67. Rxc5 Ne7 68. b4 Kd6 69. Kc3 Rc7 1/2-1/2

[Event "FRA-ch Youth 2017"]
[Site "Belfort"]
[Date "2017.04.20"]
[Round "6"]
[White "Christien, Vincent"]
[Black "Tomasi, Albert"]
[Result "1-0"]
[ECO "C60"]
[WhiteElo "1988"]
[BlackElo "2176"]
[Annotator "NA"]
[PlyCount "67"]
[EventDate "2017.??.??"]
[EventCountry "FRA"]
[SourceTitle "playchess.com"]
[Source "ChessBase"]
[SourceQuality "1"]
[TimeControl "5400+30"]

1. e4 e5 2. Nf3 Nc6 3. Bb5 g6 4. d4 exd4 5. Bg5 Be7 6. Bxe7 Qxe7 7. O-O Qb4 {[%emt 0:00:14] C60: Ruy Lopez: Unusual Black 3rd moves and 3...g6} 8. Bxc6 dxc6 9. Qxd4 Qxd4 10. Nxd4 Bd7 11. Nc3 O-O-O 12. Rad1 Ne7 13. Rfe1 g5 $146 (13... c5 14. Nf3 h6 15. Ne5 {½-½ (27) Huerga Leache,M (2415)-Franco Ocampos,Z (2517) Elgoibar 2010}) 14. Nf3 h6 15. Ne5 Be6 16. Rxd8+ Rxd8 17. Rd1 Rxd1+ 18. Nxd1 Bxa2 19. b3 $1 Bb1 20. Ne3 f5 21. exf5 Nd5 22. N5c4 $1 ({Weaker is} 22. Nxd5 cxd5 23. f6 Kd8 $17) 22... b5 {[%emt 0:05:29] [#]} 23. Nxd5 $1 cxd5 24. Na3 Bxc2 25. Nxc2 c5 26. Kf1 a5 27. Ke2 Kd7 28. Kd2 Kd6 29. g4 $18 Ke5 30. Ne1 d4 31. Nc2 c4 32. bxc4 bxc4 33. Na3 Kd5 34. Nxc4 1-0

[Event "FRA-ch Youth 2017"]
[Site "Belfort"]
[Date "2017.04.20"]
[Round "6"]
[White "Afraoui, Anaelle"]
[Black "Chachiachvili, Mariam"]
[Result "1-0"]
[ECO "C44"]
[WhiteElo "1977"]
[BlackElo "1742"]
[Annotator "NA"]
[PlyCount "116"]
[EventDate "2017.??.??"]
[EventCountry "FRA"]
[SourceTitle "playchess.com"]
[Source "ChessBase"]
[SourceQuality "1"]
[TimeControl "5400+30"]

1. e4 e5 2. Nf3 Nc6 3. d4 exd4 4. Nxd4 Nf6 5. Nc3 Bb4 6. Nxc6 bxc6 7. Bd3 Qe7 8. O-O O-O {[%emt 0:03:16] C47: Scotch Four Knights and Four Knights with 4 g3} 9. h3 $146 (9. Bg5 h6 10. Bh4 d6 11. f4 Qe6 12. Qf3 Rb8 13. Kh1 Bxc3 14. bxc3 c5 15. Bxf6 Qxf6 16. e5 {1-0 (48) Zhang,X (2349)-Khotenashvili,B (2513) China 2015}) 9... Re8 10. Bd2 Bb7 11. Re1 Qc5 (11... d6 $11 {remains equal.}) 12. a3 Bxc3 13. Bxc3 Qe7 14. Qf3 c5 15. Qf5 c4 16. e5 cxd3 17. exf6 Qd6 18. cxd3 g6 19. Qg4 Bc6 20. Qh4 Qd5 21. f3 Qc5+ 22. Kh1 h5 23. Qf4 Qd6 (23... g5 {was worth a try.} 24. Qxc7 Kh7) 24. Qg5 Kh7 25. Bd2 Qf8 26. Re7 Rab8 27. Rae1 d6 28. Qf4 Rxe7 29. fxe7 Qg7 30. Bc3 Qg8 31. Qf6 g5 32. Bd2 Rb5 $2 (32... Qg7 33. Qxg7+ Kxg7) 33. e8=Q Bxe8 34. Re7 Qg6 35. Qxg6+ Kxg6 36. Rxe8 Rxb2 37. Bc1 Rc2 38. Re1 Rc3 39. d4 $18 Rd3 40. Bb2 Rd2 41. Bc3 Rd3 42. Rc1 Kf5 43. Kg1 Re3 44. Kf2 Re8 45. Bb4 Re7 46. Ba5 Ke6 47. Rxc7 Rxc7 48. Bxc7 Kd5 49. Ke3 f5 50. Bd8 g4 51. hxg4 hxg4 52. fxg4 fxg4 53. Kd3 Kc6 54. Ke4 Kb5 55. Be7 Kc6 56. Kf4 Kd5 57. Kxg4 Kxd4 58. Bxd6 Kd5 1-0

[Event "FRA-ch Youth 2017"]
[Site "Belfort"]
[Date "2017.04.20"]
[Round "6"]
[White "Rollot, Florence"]
[Black "Conti, Anne-Marie"]
[Result "0-1"]
[ECO "D00"]
[WhiteElo "1973"]
[BlackElo "1712"]
[Annotator "NA"]
[PlyCount "116"]
[EventDate "2017.??.??"]
[EventCountry "FRA"]
[SourceTitle "playchess.com"]
[Source "ChessBase"]
[SourceQuality "1"]
[TimeControl "5400+30"]

1. d4 d5 2. g3 e6 3. Bg2 Nf6 4. Bf4 {[%emt 0:01:00] D00: 1 d4 d5: Unusual lines} Nbd7 5. Nf3 c5 6. c3 cxd4 7. cxd4 Bb4+ (7... Qb6 8. Qc2 Bd6 9. O-O O-O 10. Nc3 Bxf4 11. gxf4 Nb8 12. Rac1 Bd7 13. e3 Bc6 {½-½ (24) Bruzon Batista,L (2677)-Andreikin,D (2718) Havana 2015}) 8. Nbd2 O-O 9. O-O Nh5 10. Be3 $146 (10. Bg5 f6 11. Be3 g5 12. Nb3 Nb6 13. Bd2 Bd6 {0-1 (42) Cottrell,K (1887)-Ross,L (2141) San Diego 2006}) 10... Bd6 11. Nb3 f5 (11... b6 $11) 12. Nc5 Qe7 13. Nxe6 Qxe6 14. Ng5 Qg6 15. Bxd5+ Kh8 16. Qb3 h6 17. Nf7+ Kh7 18. Bd2 (18. Nxd6 $142 Qxd6 19. Bf3) 18... a5 19. e4 fxe4 20. Rae1 a4 21. Qb5 Ndf6 22. Nxd6 Nxd5 23. Nxc8 Nc7 24. Qxb7 Rfxc8 25. Qxe4 Qxe4 26. Rxe4 Nf6 27. Re5 Ncd5 28. Rd1 Rc2 29. Bc1 Rac8 30. Ree1 Nb4 31. a3 Na2 32. Bf4 Rxb2 33. h3 Rcc2 34. Rf1 Ne4 35. Be3 Nxg3 36. Rfe1 Ne4 37. Bc1 Nxf2 38. Bxb2 Nxh3+ 39. Kh1 Nf2+ 40. Kg1 Nxd1 41. Rxd1 Rxb2 42. d5 Rb7 43. Kf2 $19 Rd7 44. Rd3 Nc1 45. Rd4 Nb3 46. Rd1 Kg6 47. Ke3 Kf5 48. Rg1 Na5 49. Kd4 Nb3+ 50. Kc4 Nd2+ 51. Kc5 Ne4+ 52. Kb4 g6 53. Kxa4 Rxd5 54. Kb4 h5 55. a4 Rd4+ 56. Ka5 Nc5 57. Rf1+ Rf4 58. Rh1 Ke5 0-1

[Event "FRA-ch Youth 2017"]
[Site "Belfort"]
[Date "2017.04.20"]
[Round "6"]
[White "Djidjeli, Sarah"]
[Black "Thomas, Amaryllis"]
[Result "1-0"]
[ECO "C47"]
[WhiteElo "1934"]
[BlackElo "1695"]
[Annotator "NA"]
[PlyCount "77"]
[EventDate "2017.??.??"]
[EventCountry "FRA"]
[SourceTitle "playchess.com"]
[Source "ChessBase"]
[SourceQuality "1"]
[TimeControl "5400+30"]

1. e4 e5 2. Nf3 Nc6 3. Nc3 Nf6 4. d4 exd4 5. Nxd4 Bb4 6. Nxc6 bxc6 7. Bd3 d5 8. exd5 cxd5 9. O-O O-O 10. Bg5 c6 {[%emt 0:02:46] LiveBook: 1794 Games} 11. Qf3 Be7 12. Rae1 Be6 13. Na4 {[%emt 0:04:04] C47: Scotch Four Knights and Four Knights with 4 g3} (13. Ne2 h6 14. Bf4 Bg4 15. Qg3 Bxe2 16. Rxe2 Nh5 17. Qf3 Nxf4 18. Qxf4 Bd6 19. Qf5 g6 20. Qg4 h5 21. Qh3 {0-1 (37) Thakur,A (2363)-Halkias,S (2584) Sharjah 2017}) 13... Qa5 $146 (13... Nd7 14. Bxe7 Qxe7 15. Qf4 Rab8 16. b3 Nc5 17. Nxc5 Qxc5 18. Re3 Rb4 19. Qe5 Rd8 20. Rfe1 Qd4 {½-½ (31) Landenbergue,C (2401)-Bucher,D (2314) Geneve 2001}) 14. b3 c5 15. Bf5 Ne4 $2 (15... Rad8 $16 {keeps fighting.}) 16. Bxe7 Nd2 17. Bxh7+ $2 (17. Qf4 $18 Rfe8 18. Bxe6 fxe6 19. Bxc5 Nxf1 20. Kxf1) 17... Kxh7 18. Qh5+ Kg8 19. Bxf8 ({But not} 19. Nxc5 $6 Nxf1 20. Kxf1 (20. Rxf1 Rfe8 21. Nxe6 fxe6 $11) 20... Rfe8 $11) 19... Rxf8 20. Re3 Nxf1 21. Kxf1 Re8 22. Qe2 d4 (22... c4 $11 {and Black stays safe.}) 23. Re5 Rc8 24. Rxe6 fxe6 25. Qxe6+ Kh7 26. Qf5+ g6 27. Qxc8 Qd2 28. Qh3+ Kg7 29. Qd3 Qc1+ 30. Ke2 Qg5 31. Qg3 Qe7+ 32. Kd2 c4 33. Qf4 Qd8 $18 34. Qe5+ Kh6 35. bxc4 Qh4 36. Qh8+ Kg5 37. Qxh4+ Kxh4 38. c5 g5 39. c6 1-0

[Event "FRA-ch Youth 2017"]
[Site "Belfort"]
[Date "2017.04.20"]
[Round "6"]
[White "Roux, Baptiste"]
[Black "Giammari, Santu"]
[Result "1-0"]
[ECO "B06"]
[WhiteElo "1934"]
[BlackElo "1794"]
[Annotator "NA"]
[PlyCount "73"]
[EventDate "2017.??.??"]
[EventCountry "FRA"]
[SourceTitle "playchess.com"]
[Source "ChessBase"]
[SourceQuality "1"]
[TimeControl "5400+30"]

1. d4 d6 2. e4 g6 3. Nc3 Bg7 4. Be3 a6 5. f3 b5 6. Qd2 Nd7 7. g4 h5 {[%emt 0:03:45] B06: Modern Defence} 8. gxh5 Rxh5 9. Nge2 Bb7 10. Ng3 Rh8 11. h4 Ngf6 12. Bg2 $146 (12. O-O-O Nb6 13. h5 gxh5 14. Nf5 Bf8 15. Bg5 e6 {0-1 (32) Amin,B (2635)-Mamedov,R (2659) Dubai 2014}) 12... Nb6 13. b3 Nh5 (13... c5 $1 $11) 14. Nxh5 Rxh5 15. O-O-O a5 16. Ne2 a4 17. Ng3 Rh8 18. h5 axb3 19. cxb3 Ra3 (19... Nd7 $16 20. h6 Bf6) 20. hxg6 fxg6 21. Rxh8+ Bxh8 22. Rh1 Kf7 (22... Bf6 $142 23. Kb1 Qa8) 23. Rh7+ Kg8 24. Rh6 Qa8 25. Kb1 Qe8 $18 (25... Qa5 26. Qxa5 Rxa5 27. Rxg6+ Kf7) 26. d5 Bg7 27. Rh1 Ra8 28. Bd4 Qf7 29. Qc3 Bxd4 30. Qxd4 Qf6 31. Qxf6 exf6 32. Rc1 Bc8 33. Rxc7 Bd7 34. Rb7 Ra6 35. Bf1 Be8 36. Rb8 Kf7 37. Rxe8 1-0

[Event "FRA-ch Youth 2017"]
[Site "Belfort"]
[Date "2017.04.20"]
[Round "6"]
[White "Candelot, Clement"]
[Black "Papadiamandis, Elliot"]
[Result "1-0"]
[ECO "B52"]
[WhiteElo "1839"]
[BlackElo "1944"]
[Annotator "NA"]
[PlyCount "73"]
[EventDate "2017.??.??"]
[EventCountry "FRA"]
[SourceTitle "playchess.com"]
[Source "ChessBase"]
[SourceQuality "1"]
[TimeControl "5400+30"]

1. e4 c5 2. Nf3 d6 3. Bb5+ Bd7 4. Bxd7+ Qxd7 5. c4 Nc6 6. Nc3 Nf6 7. d4 cxd4 8. Nxd4 {[%emt 0:00:24] LiveBook: 556 Games} g6 9. O-O Bg7 10. Re1 O-O {[%emt 0:02:10] B52: Sicilian: Moscow Variation with 3...Bd7} 11. f3 Rac8 12. Nde2 Na5 (12... a6 13. Be3 Ne5 14. b3 b5 15. cxb5 axb5 16. Qd2 b4 17. Na4 Nc4 18. Qd3 Nxe3 19. Qxe3 {0-1 (36) Munoz Pantoja,M (2495)-Alsina Leal,D (2535) Catalunya 2012}) 13. b3 a6 14. a4 $146 (14. Be3 b5 15. cxb5 axb5 16. Rc1 b4 17. Na4 Qb7 18. Nb6 Rxc1 19. Qxc1 {1-0 (29) Eryomenko,V-Manescu,T (2090) Mureck 1998}) 14... b6 15. Be3 Qb7 16. Rb1 Nc6 17. Qd2 Rfd8 18. Nf4 e6 19. Red1 Nd7 20. Nh3 Nc5 21. Kh1 Ne7 22. Bg5 Rc7 $18 (22... Qc7 $14) 23. Nf2 h5 24. Bf4 Rcd7 25. b4 Bxc3 26. Qxc3 Nxa4 27. Qf6 Kh7 28. Qxf7+ Kh8 29. Rxd6 Nc6 30. Rxd7 Qxd7 31. Qxg6 Nc3 32. Qxh5+ Kg8 33. Re1 Qd4 34. Ng4 Rd7 35. Qg6+ Rg7 36. Nf6+ Kh8 37. Qh6+ {[%emt 0:00:10] Qd8} 1-0

[Event "FRA-ch Youth 2017"]
[Site "Belfort"]
[Date "2017.04.20"]
[Round "6"]
[White "Greiner, Leon"]
[Black "Daeschler, Florian"]
[Result "0-1"]
[ECO "D04"]
[WhiteElo "1818"]
[BlackElo "2124"]
[Annotator "NA"]
[PlyCount "62"]
[EventDate "2017.??.??"]
[EventCountry "FRA"]
[SourceTitle "playchess.com"]
[Source "ChessBase"]
[SourceQuality "1"]
[TimeControl "5400+30"]

1. d4 Nf6 2. Nf3 d5 3. e3 c6 4. Nbd2 Bf5 5. c4 e6 {[%emt 0:00:00] LiveBook: 58 Games D12: Slav Defence: 3 Nf3 Nf6 4 e3 Bf5} 6. Qb3 (6. Nh4 Bg6 7. Nxg6 hxg6 8. g3 Bb4 9. Bg2 Ne4 10. O-O Bxd2 11. Bxd2 Nxd2 12. Qxd2 Nd7 13. Rac1 {0-1 (37) Damljanovic,B (2548)-Perunovic,M (2611) Kragujevac 2017}) 6... Qb6 7. Ne5 Be7 8. Be2 O-O $146 (8... h6 9. O-O O-O 10. Qd1 Nbd7 11. Ndf3 Rfd8 12. h3 Qc7 13. b3 Nxe5 14. Nxe5 {1-0 (54) Lazic,M (2180)-Jevtic,B (2040) Tivat 1995}) 9. O-O Nbd7 10. Ndf3 Rfe8 11. Bd2 Nxe5 12. Nxe5 Ne4 13. Be1 Qc7 14. f3 Nc5 $1 15. Qc3 Nd7 16. Nxd7 Qxd7 17. Bf2 a5 18. b3 Bf6 19. Bd3 e5 20. Bxf5 Qxf5 21. Rfe1 e4 22. Qc2 Qh5 23. g4 Qh3 24. f4 Qxg4+ 25. Bg3 c5 26. Rad1 cxd4 27. exd4 h5 28. Qe2 Qf5 29. cxd5 $19 (29. Bf2 $142) 29... e3 30. Qd3 Qxd3 31. Rxd3 h4 0-1

[Event "FRA-ch Youth 2017"]
[Site "Belfort"]
[Date "2017.04.20"]
[Round "6"]
[White "Fretel, Liza"]
[Black "Retailleau, Elise"]
[Result "0-1"]
[ECO "B26"]
[WhiteElo "1801"]
[BlackElo "1946"]
[Annotator "NA"]
[PlyCount "84"]
[EventDate "2017.??.??"]
[EventCountry "FRA"]
[SourceTitle "playchess.com"]
[Source "ChessBase"]
[SourceQuality "1"]
[TimeControl "5400+30"]

1. e4 c5 2. Nc3 Nc6 3. g3 g6 4. Bg2 Bg7 5. d3 d6 6. Be3 e5 7. Qd2 Nge7 8. Bh6 Bxh6 9. Qxh6 Nd4 10. Qd2 Be6 11. Nd1 {[%emt 0:01:32] B26: Closed Sicilian: 3 g3, lines with early Be3} (11. Nd5 Nxd5 12. exd5 Bd7 13. c3 Nf5 14. Nf3 O-O 15. h4 h5 16. Ng5 b5 17. Ne4 Kg7 18. f3 Rh8 {0-1 (82) Krapivin,A (2500)-Sjugirov,S (2612) St Petersburg 2009}) 11... b5 $146 (11... d5 $15) (11... Qd7 12. Ne3 f5 13. c3 Ndc6 14. Ne2 d5 15. exf5 gxf5 16. d4 cxd4 17. cxd4 O-O-O 18. Nc2 h5 {½-½ (43) Davies,L (2174)-Calugar,A (2273) Victoria 2012}) 12. c3 Ndc6 13. Nh3 f6 14. Qh6 Qd7 15. Ne3 Ng8 16. Qh4 h5 17. f4 Nce7 18. f5 $1 gxf5 19. exf5 Bxf5 20. g4 Ng6 21. Qf2 Bxg4 22. Bxa8 ({But not} 22. Nxg4 hxg4 23. Bxa8 Rxh3 $17) 22... Bxh3 23. Qf3 Bg4 24. Nxg4 (24. Qb7 $15) 24... hxg4 25. Qf2 Nf4 26. O-O-O d5 27. Qxc5 Ne7 $19 28. Qa3 Kf7 29. Bxd5+ Qxd5 30. Qb3 Rh3 31. Kc2 Qxb3+ 32. axb3 Ned5 33. Rd2 g3 34. c4 Ne3+ 35. Kc3 g2 36. Ra1 Rxh2 37. Rxa7+ Kg6 38. Ra8 Kf5 39. Rg8 Ng4 40. Rxg2 Rxg2 41. cxb5 Nd5+ 42. Kc4 Nge3+ {[%emt 0:00:07] Kd4} 0-1

[Event "FRA-ch Youth 2017"]
[Site "Belfort"]
[Date "2017.04.20"]
[Round "6"]
[White "Donias, Orlane"]
[Black "Lomandong Noela-Joyce"]
[Result "0-1"]
[ECO "A97"]
[WhiteElo "1729"]
[BlackElo "1987"]
[Annotator "NA"]
[PlyCount "56"]
[EventDate "2017.??.??"]
[EventCountry "FRA"]
[SourceTitle "playchess.com"]
[Source "ChessBase"]
[SourceQuality "1"]
[TimeControl "5400+30"]

1. d4 f5 $146 (1... c5 2. d5 d6 3. e4 g6 4. Be2 Bg7 5. Nf3 Nf6 6. Nc3 O-O 7. O-O e6 8. dxe6 Bxe6 9. Ng5 Nc6 10. f4 Nd4 11. f5 gxf5 12. Bd3 Bd7 13. Nd5 h6 14. Nh3 fxe4 15. Nxf6+ Bxf6 16. Bxe4 d5 17. Bf3 Bxh3 18. gxh3 {0-1 (27) Le Roux,J (2538)-Popov,I (2613) Aix les Bains 2011}) 2. Nf3 Nf6 3. c4 e6 4. g3 Be7 5. Bg2 O-O 6. O-O d6 7. Nc3 Qe8 8. Re1 Qh5 9. e4 fxe4 10. Nxe4 Nxe4 11. Rxe4 Nc6 12. Re1 Qf5 13. Be3 Bd7 14. Nd2 Qf6 15. Ne4 Qg6 16. Bf4 Rad8 17. Rc1 e5 18. dxe5 dxe5 19. Be3 Bh3 20. Nd2 Bxg2 21. Kxg2 Nb4 22. Rf1 Nd3 23. Rb1 Nf4+ 24. Bxf4 exf4 25. f3 fxg3 26. hxg3 Bd6 27. g4 Bf4 28. Qb3 Rxd2+ 0-1

[Event "FRA-ch Youth 2017"]
[Site "Belfort"]
[Date "2017.04.20"]
[Round "6"]
[White "Georges, Lisa"]
[Black "Imperor, Amelie"]
[Result "1/2-1/2"]
[ECO "B40"]
[WhiteElo "1704"]
[BlackElo "1820"]
[Annotator "NA"]
[PlyCount "109"]
[EventDate "2017.??.??"]
[EventCountry "FRA"]
[SourceTitle "playchess.com"]
[Source "ChessBase"]
[SourceQuality "1"]
[TimeControl "5400+30"]

1. e4 c5 2. Nf3 e6 3. g3 d6 4. Bg2 Nf6 5. Qe2 Nc6 6. O-O Be7 7. Re1 {[%emt 0:04:58] C00: French: Unusual White 2nd moves} (7. c3 O-O 8. d4 cxd4 9. cxd4 d5 10. e5 Ne4 11. Nc3 Nxc3 12. bxc3 Bd7 13. h4 Rc8 14. Ng5 h6 15. Nh3 {½-½ (62) Malakhov,V (2713)-Akopian,V (2675) Doha 2016}) 7... e5 8. c3 O-O 9. Na3 $146 (9. d3 Re8 10. h3 Rb8 11. Nbd2 Bf8 12. Nf1 d5 13. Bg5 d4 14. c4 h6 15. Bxf6 Qxf6 {1-0 (97) Ivanov,A (2503)-Chuprov,D (2561) Dagomys 2009}) 9... Qc7 10. Nc2 Rb8 11. d4 b5 12. b4 (12. d5 $14 Na5 13. b3) 12... exd4 13. bxc5 d3 (13... dxc3 $11 14. cxd6 Bxd6) 14. Qxd3 Ne5 15. cxd6 Bxd6 16. Nxe5 Bxe5 17. Nd4 Rd8 18. f4 Qxc3 19. Qxc3 Bxd4+ 20. Qxd4 Rxd4 21. Bb2 Rd8 {[%emt 0:07:07] [#]} 22. Be5 $1 Rb7 23. Rac1 Be6 24. a3 Bc4 25. Red1 Rbd7 26. Rxd7 Rxd7 $16 27. Bf1 Ng4 28. Bxc4 bxc4 29. Kg2 Nxe5 30. fxe5 Rc7 31. Kf3 Kf8 32. Ke3 Ke7 33. Kd4 Rd7+ 34. Kc5 Ke6 35. Rxc4 Rc7+ 36. Kb5 Rxc4 37. Kxc4 Kxe5 38. Kd3 g6 39. a4 a5 40. Kc4 Kxe4 41. Kb5 Kd5 42. Kxa5 Kc5 43. Ka6 f5 44. Kb7 Kb4 45. Kc6 Kxa4 46. Kd5 Kb4 47. Ke5 Kc4 48. Kf4 Kd4 49. h4 Kd3 50. h5 Ke2 51. hxg6 hxg6 52. Kg5 Kf3 53. Kxg6 Kg4 54. Kf6 Kxg3 55. Kxf5 1/2-1/2

[Event "FRA-ch Youth 2017"]
[Site "Belfort"]
[Date "2017.04.20"]
[Round "6"]
[White "Cavailles, Evan"]
[Black "Maugenest, Ghislain"]
[Result "1/2-1/2"]
[ECO "C06"]
[WhiteElo "1694"]
[BlackElo "1915"]
[Annotator "NA"]
[PlyCount "107"]
[EventDate "2017.??.??"]
[EventCountry "FRA"]
[SourceTitle "playchess.com"]
[Source "ChessBase"]
[SourceQuality "1"]
[TimeControl "5400+30"]

1. e4 e6 2. d4 d5 3. Nd2 Nf6 4. e5 Nfd7 5. Bd3 c5 6. c3 Nc6 7. Ne2 cxd4 8. cxd4 f6 9. exf6 Nxf6 10. O-O Bd6 11. Nf3 Qc7 12. Bg5 O-O 13. Bh4 Nh5 14. Qc2 h6 15. Bh7+ {[%emt 0:01:18] C06: French Tarrasch: 3...Nf6 4 e5 Nfd7 5 Bd3 main lines} Kh8 16. Bg6 Rxf3 (16... Nf4 17. Nxf4 Rxf4 18. Bg3 Rxf3 19. gxf3 Qe7 20. Rad1 Bd7 21. Qc3 Rf8 22. Bb1 Kg8 {1-0 (41) Artemiev,V (2653)-Onischuk,V (2615) Martuni 2016}) 17. Bxh5 Rf8 18. Bg3 {[%emt 0:01:52] LiveBook: 83 Games} Bxg3 (18... Bd7 $11) 19. hxg3 Qb6 20. Qd2 Bd7 21. Rad1 Rac8 $146 (21... Qb4 22. Nf4 Qxd2 23. Rxd2 {1-0 (55) Pogonina,N (2382)-Shmirina,G (2120) Dresden 2004}) 22. Nf4 Rf6 23. Rfe1 Ne7 24. Rc1 (24. Re3 $16) 24... Rxc1 25. Rxc1 ({Reject} 25. Qxc1 Nc6 $11) 25... Nc6 26. Rd1 (26. Rc5 $16) 26... Kg8 27. Bg4 Qc7 28. Re1 Qd6 29. a3 g5 30. Ne2 b6 31. Nc3 Na5 32. Be2 Be8 33. b4 Nc6 $1 $11 {[%emt 0:02:14] keeps the balance.} 34. Bf3 Bg6 35. Be2 (35. Bg4 $16) 35... Bf7 36. Bb5 Ne7 37. Nd1 Nf5 38. Ne3 Nxe3 39. Qxe3 Bg6 40. Qe5 Qxe5 41. Rxe5 Kf7 42. Re1 Bf5 43. Rc1 Kg7 $14 44. Rc7+ Rf7 45. Rxf7+ Kxf7 46. Kf1 Kf6 47. f4 Be4 48. Kf2 Kf5 49. fxg5 Kxg5 50. Be2 Kf5 51. Bf3 Bc2 52. Ke3 Bb3 53. g4+ Kg5 54. g3 1/2-1/2

[Event "FRA-ch Youth 2017"]
[Site "Belfort"]
[Date "2017.04.20"]
[Round "6"]
[White "Saliou, Sarah"]
[Black "Vernet, Solene"]
[Result "1/2-1/2"]
[ECO "A20"]
[WhiteElo "1684"]
[BlackElo "1863"]
[Annotator "NA"]
[PlyCount "112"]
[EventDate "2017.??.??"]
[EventCountry "FRA"]
[SourceTitle "playchess.com"]
[Source "ChessBase"]
[SourceQuality "1"]
[TimeControl "5400+30"]

1. c4 e5 2. g3 c5 3. Bg2 Nc6 4. Nc3 g6 5. d3 Bg7 6. Qd2 $146 {[%emt 0:00:01] A36: Symmetrical English vs ...g6: 4 Bg2 Bg7} (6. b3 d6 7. Bb2 Nh6 8. e3 O-O 9. Nge2 Nf5 10. Qd2 h5 11. h3 Bd7 12. Nd5 Rb8 13. Nec3 a6 {1-0 (24) Rakhmanov,A (2662)-Domogaev,S (2435) Sochi 2016}) 6... Nge7 7. b3 d6 8. Bb2 Be6 9. e3 Rb8 10. Nge2 O-O 11. O-O a6 12. Nd5 b5 13. f4 f5 14. Ba3 e4 15. Nxe7+ Nxe7 16. Rad1 b4 17. Bb2 exd3 18. Nc1 d5 $2 ({Better is} 18... Bxb2 $14 19. Qxb2 a5) 19. Bxg7 ({Less strong is} 19. Nxd3 Bxb2 {Don't take} 20. Qxb2 $6 (20. Nxb2 dxc4 21. Qe2 Qc7 $14) 20... dxc4 21. Nxc5 c3 22. Rxd8 cxb2 $16) 19... Kxg7 20. Qb2+ ({Don't play} 20. Nxd3 $6 Qb6 $16) ({Weaker is} 20. Qxd3 dxc4 21. Qc2 Qc7 $11) 20... Kg8 21. Rxd3 Rb6 22. Rfd1 Rd6 23. Qd2 Qc7 24. cxd5 Bf7 25. g4 Rfd8 26. gxf5 gxf5 {[%emt 0:00:24] [#]} 27. e4 (27. Ne2 $1 $16) 27... fxe4 28. Bxe4 Qd7 29. Qg2+ (29. Rg3+ $18 {has better winning chances.} Bg6 30. Qc2) 29... Bg6 30. Rf1 Rf8 31. Rdf3 Rdf6 32. Nd3 Kh8 33. Ne5 Qd6 34. Bxg6 Nxg6 35. Nxg6+ Rxg6 36. Rg3 Rxf4 37. Rxg6 Rxf1+ 38. Kxf1 hxg6 $11 39. Kg1 Qf6 40. Qh3+ Kg7 41. Qd7+ Kh6 42. Qh3+ Kg5 43. Qe3+ Kf5 44. Qe2 Qd4+ 45. Kf1 Qxd5 46. Qxa6 Qh1+ 47. Ke2 Qxh2+ 48. Ke3 Qf4+ 49. Ke2 Kg4 50. Qxg6+ Kh4 51. Qh7+ Kg4 52. Qg6+ Kh4 53. Qh7+ Kg4 54. Qg7+ Kh5 55. Qg2 Qe5+ 56. Kf2 Qc3 {Kf3 Qe5} 1/2-1/2